 Dungeon Crawl Stone Soup version 0.31-a0-182-gc5ef74bbde (webtiles) character file.

Game seed: 17118998663625231462

35 lunkers the Conjurer (level 3, -6/26 HPs)
             Began as a Meteoran Wanderer on June 21, 2023.
             Splashed by a jelly's acid (9 damage)
             ... on level 3 of the Dungeon.
             The game lasted 00:02:51 (567 turns).

lunkers the Conjurer (Meteoran Wanderer)             Turns: 567, Time: 00:02:52

Health: -6/26      AC: -6    Str: 12    XL:     3   Next: 79%
Magic:  5/7        EV: 12    Int: 18    God:
Gold:   71         SH:  0    Dex: 12    Spells: 5/6 levels left

rFire   . . .        a - +0 club
rCold   . . .        (no shield)
rNeg    . . .        c - +0 robe
rPois   .            (no helmet)
rElec   .            (no cloak)
rCorr   .            (no gloves)
SInv    .            (no boots)
Will    .....        (no amulet)
Stlth   +            (no ring)
HPRegen 0.24/turn    (no ring)
MPRegen 0.10/turn

%: no passive effects
@: corroded, glowing
A: sense surroundings 1, otherworldly, glowing, explore regen
a: no special abilities


You were on level 3 of the Dungeon.
You visited 1 branch of the dungeon, and saw 3 of its levels.

You collected 71 gold pieces.

Inventory:

Hand Weapons
 a - a +0 club (weapon)
Armour
 c - a +0 robe (worn)
Magical Staves
 j - a staff of earth
Wands
 d - a wand of flame (4)
 l - a wand of iceblast (5)
Scrolls
 b - a scroll of blinking
 e - a scroll of fog {unknown}
 f - a scroll of immolation {unknown}
 h - a scroll of teleportation {unknown}
 i - a scroll of noise {unknown}
Potions
 g - 2 potions of enlightenment {unknown}
 k - a potion of mutation {unknown}


   Skills:
 - Level 2.4 Dodging
 + Level 2.4 Spellcasting
 * Level 3.9 Conjurations
 - Level 3.6 Hexes
 - Level 2.4 Evocations


You had 5 spell levels left.
You knew the following spells:

 Your Spells              Type           Power      Damage    Failure   Level
p - Foxfire               Conj/Fire      36%        2x1d5     8%          1

Your spell library contained the following spells:

 Spells                   Type           Power      Damage    Failure   Level
 Slow                     Hex            60%        N/A       4%          1
 Ensorcelled Hibernation  Hex/Ice        16%        N/A       12%         2
 Summon Small Mammal      Summ           8%         N/A       17%         1
 Hailstorm                Conj/Ice       9%         3d4       22%         3
 Summon Guardian Golem    Hex/Summ       8%         N/A       24%         3
 Cause Fear               Hex            7%         N/A       36%         4
 Call Canine Familiar     Summ           2%         N/A       45%         3
 Volatile Blastmotes      Fire/Tloc      4%         2d10      45%         3
 Passage of Golubria      Tloc           2%         N/A       86%         4
 Summon Ice Beast         Ice/Summ       2%         N/A       86%         4


Dungeon Overview and Level Annotations

Branches:
Dungeon (3/15) Zot: 1222

Altars:


Innate Abilities, Weirdness & Mutations

You passively map a small area around you.
You are easily found by Zot.
You glow in the dark.
You regain HP and MP as you explore.


Message History

The endoplasm is moderately wounded.
The foxfire hits the endoplasm.
You kill the endoplasm!
No target in view!
No target in view!
Your foxfire dissipates!
Found an encrusted copper wand.
You pick up the Grimoire of Quantum Sidekicks and begin reading...
You add the spells Volatile Blastmotes, Summon Ice Beast and Passage of Golubria to your library.
Okay, then.
l - a wand of iceblast (5)
A jelly comes into view.
The jelly quivers.
A jelly is nearby!
You conjure some foxfire!
You hit the jelly.
Your hands burn!
The jelly is lightly wounded.
The foxfire hits the jelly.
The jelly is moderately wounded.
The foxfire hits the jelly.
The jelly is heavily wounded.
The jelly hits you. The acid corrodes you!
You are splashed with acid!
* * * LOW HITPOINT WARNING * * *
Casting: Foxfire (safe; 8% risk of failure)
Press: ? - help, Q - select action, (/) - cycle Dir - look around, f - activate You conjure some foxfire!
The jelly hits you.
* * * LOW HITPOINT WARNING * * *
The acid corrodes you!
You are splashed with acid!
* * * LOW HITPOINT WARNING * * *
The jelly attacks as you move away! The jelly completely misses you.
The foxfire hits the jelly.
The jelly is severely wounded.
The foxfire hits the jelly.
The jelly is almost dead.
The jelly attacks as you move away! The jelly barely misses you.
The jelly attacks as you move away! The jelly hits you.
* * * LOW HITPOINT WARNING * * *
You are splashed with acid!
You die...

,
,.......<...#
.########..#
#..# * * *
#..# , ,*
#..# , #..# *
* #..#
########..#
.......)@.# *
########J## *
#######.#
,,........#
#####...#
#.#.# #.#.#
#.#.# * #,#.#


You could see a jelly.

Vanquished Creatures
  An adder (D:2)
  A dart slug (D:1)
  6 endoplasms
  A goblin (D:1)
  2 hobgoblins
  2 kobolds
  A quokka (D:1)
  2 ball pythons (D:2)
  3 bats (D:1)
  4 rats
23 creatures vanquished.

Vanquished Creatures (others)
  58 foxfires
58 creatures vanquished.

Grand Total: 81 creatures vanquished

Notes
Turn   | Place    | Note
-------+----------+-------------------------------------------
     0 | D:1      | lunkers the Meteoran Wanderer began the quest for the Orb.
     0 | D:1      | lunkers set off with the following items: a +0 club, a
                  | scroll of blinking, a +0 robe, a wand of flame (4); and the
                  | following spells available to memorise: Slow, Foxfire,
                  | Ensorcelled Hibernation, Hailstorm, Cause Fear.
     0 | D:1      | Reached XP level 1. HP: 14/14 MP: 3/3
    17 | D:1      | Learned a level 1 spell: Foxfire
   128 | D:1      | Reached XP level 2. HP: 20/20 MP: 3/5
   222 | D:1      | Reached XP level 3. HP: 26/26 MP: 4/7
   243 | D:1      | Found a faded altar of an unknown god.
   540 | D:3      | Got the Grimoire of Quantum Sidekicks
   567 | D:3      | Splashed by a jelly's acid

Illustrated notes

Levels and vault maps discovered:
D:1:      scummos_arrival_simple_crosswalls, layout_loops_ring,
          shapermc_ecumenical_altar_mp_urbaneastern
D:2:      layout_rooms, chequers_decorated_corner
D:3:      layout_loops_ring, nicolae_wu_jian_glorious_leap

Skill      XL: |  1  2 |
---------------+-------+-----
Conjurations   | 3 |  3.9
Spellcasting   | 2 |  2.4
Dodging        | |  2.4
Hexes          | |  3.6
Evocations     | |  2.4

Action                     || total
---------------------------++-------
  Melee: Club              ||    37
         Punch             ||     1
   Cast: Foxfire           ||    34
    Use: Scroll            ||     1
 Armour: Robe              ||    14
  Dodge: Dodged            ||    37

Table legend: (Time is in decaauts)
 A = Elapsed time spent in this place.
 B = Non-inter-level travel time spent in this place.
 C = Inter-level travel time spent in this place.
 D = Time resting spent in this place.
 E = Time spent auto-exploring this place.
 F = Levels seen in this place.
 G = Mean time per level.
                   A        B        C        D        E       F      G
               +--------+--------+--------+--------+--------+-----+--------+
         Total |    577 |    577 |      0 |      0 |    270 |   3 |  192.3 |
       Dungeon |    577 |    577 |      0 |      0 |    270 |   3 |  192.3 |
               +--------+--------+--------+--------+--------+-----+--------+

Top non-repeatable levels by time:
     D:1: 288 daAuts
     D:2: 235 daAuts
     D:3: 53 daAuts
